Cogmind - Beta 15 @@@ ROGUE MODE // 2025.07.18 @ 18:32:59 Player: StaticNoob Result: Destroyed by Y-54 Guardian with Flak Gun Performance ------------- Evolutions (4) 2000 Regions Visited (8) 1600 Robots Destroyed (65) 325 Value Destroyed (2717) 2717 Prototype IDs (22) 440 Alien Tech Used (0) 0 Bonus (3952) 3952 TOTAL SCORE: 11034 Bonus ------- High Alert Combat Kills 130 Follower Combat Kills 1593 Network Hubs Disabled 400 Registered with UFD 300 Met Optimus in HQ 500 Built Enhanced Grunts 300 A7 Reached Mainframe 300 Met R17 at Cetus 500 Friendly Fire -71 Cogmind --------- Core Integrity 0/850 Matter 144/300 Energy 45/100 System Corruption 36% Temperature Warm (178) Movement Core (750) Ox14 Location -6/Hub_04(d) Parts ------- > --- POWER (1) -------- (None) > --- PROPULSION (4) --- (None) > --- UTILITY (7) ------ High-capacity Storage Unit Improved Targeting Computer Advanced Targeting Computer Improved Hacking Suite Improved Hacking Suite > --- WEAPON (3) ------- Advanced Variable Charge Gun > --- INVENTORY (20) --- Improved Heat Sink Advanced Energy Well (500) Matter Compressor (0) Improved Signal Interpreter Experimental Terrain Scanner Makeshift ECM Suite Layered Medium Armor Plating System Guard Coil Gun Rocket Launcher Rocket Launcher Peak State ------------ > --- POWER ------------ Quantum Reactor > --- PROPULSION ------- Multireflex Exoskeleton Enhanced Flexi-carbon Leg Myomer Leg > --- UTILITY ---------- High-capacity Storage Unit Improved Targeting Computer Advanced Targeting Computer Centrium Medium Armor Plating Experimental Thermal Shield Improved Hacking Suite Improved Hacking Suite > --- WEAPON ----------- Coil Gun Advanced KE Penetrator Advanced KE Penetrator > --- INVENTORY -------- Carbon-fiber Leg Carbon-fiber Leg Carbon-fiber Leg Carbon-fiber Leg Flexi-carbon Leg Improved Heat Sink Advanced Energy Well Matter Compressor Improved Signal Interpreter Experimental Terrain Scanner Makeshift ECM Suite Layered Medium Armor Plating Centrium Medium Armor Plating System Guard Advanced Variable Charge Gun Coil Gun Rocket Launcher Rocket Launcher Phasing Sabre [Rating: 99] Favorites ----------- Power Subdweller Power Source Engine Subdweller Power Source Power Core Neutrino Core Reactor Quantum Reactor Propulsion Light Treads Treads Light Treads Leg Carbon-fiber Leg Wheel Subdweller Monowheel Utility High-capacity Storage Unit Device Terrain Scanner Storage High-capacity Storage Unit Processor Improved Targeting Computer Hackware Improved Hacking Suite Protection Centrium Medium Armor Plating Weapon Advanced Assault Cannon Energy Gun Advanced Variable Charge Gun Energy Cannon Advanced Beam Cannon Ballistic Gun Heavy Machine Gun Ballistic Cannon Advanced Assault Cannon Launcher Rocket Launcher Slashing Weapon Phasing Sabre Build | -11 -10 -10 -8 -6 -6 -6 -6 -6 ------- Run | Yrd Mat Sub Scr Fac Ext Cet Arc Hub Slots Evolved 8 | . . . . 8 . . . . Power . | . . . . . . . . . Propulsion 2 | . . . . 2 . . . . Utility 5 | . . . . 5 . . . . Weapon 1 | . . . . 1 . . . . Parts Attached 92 | 7 5 9 7 12 30 8 6 8 Power 9 | 1 . 2 1 . 4 1 . . Engine 6 | 1 . 2 1 . 2 . . . Core 2 | . . . . . 2 . . . Reactor 1 | . . . . . . 1 . . Propulsion 25 | 2 . 3 2 3 9 1 1 4 Treads 6 | 2 . 1 2 . 1 . . . Leg 17 | . . . . 3 8 1 1 4 Wheel 2 | . . 2 . . . . . . Hover . | . . . . . . . . . Flight . | . . . . . . . . . Utility 30 | 2 2 1 1 7 8 2 5 2 Device 12 | 1 . 1 . 4 2 1 3 . Storage 4 | 1 2 . . . . . 1 . Processor 6 | . . . 1 1 4 . . . Hackware 3 | . . . . 1 . . . 2 Protection 5 | . . . . 1 2 1 1 . Artifact . | . . . . . . . . . Weapon 28 | 2 3 3 3 2 9 4 . 2 Energy Gun 2 | . . . . . 1 1 . . Energy Cannon 1 | . . 1 . . . . . . Ballistic Gun 14 | 2 2 . 1 . 5 2 . 2 Ballistic Cannon 9 | . . 2 2 2 3 . . . Launcher 1 | . 1 . . . . . . . Special Weapon . | . . . . . . . . . Impact Weapon . | . . . . . . . . . Slashing Weapon 1 | . . . . . . 1 . . Piercing Weapon . | . . . . . . . . . Special Melee Weapon . | . . . . . . . . . Unidentified Prototypes 7 | . . . . . . 3 3 1 Corrupted Parts 1 | . . . . . 1 . . . System Corruption 4 | . . . . . 4 . . . Parts Lost 41 | . . 7 . . 16 . . 18 Power 3 | . . 1 . . 1 . . 1 Propulsion 16 | . . 2 . . 5 . . 9 Utility 7 | . . 1 . . 3 . . 3 Weapon 15 | . . 3 . . 7 . . 5 Highest Loss Streak 13 | . . 2 . . 8 . . 13 To Critical Strikes 1 | . . 1 . . . . . . Average Backups 16 | 1 6 16 18 14 17 19 19 18 Power . | . 1 1 . . . . . . Propulsion 1 | . . 1 . . 1 4 5 4 Utility 8 | . 1 7 10 8 8 10 10 9 Weapon 6 | . 3 7 6 5 5 4 4 5 Tool/Special . | . . . . . . . . . Unused Backups 29 | . 2 1 12 . 2 4 1 7 Power 2 | . . 1 1 . . . . . Propulsion 1 | . . . 1 . . . . . Utility 13 | . . . 4 . 1 2 1 5 Weapon 13 | . 2 . 6 . 1 2 . 2 Tool/Special . | . . . . . . . . . Average Slot Usage (%) 98 | . 100 99 99 95 98 94 96 91 Engine 10 | . 14 13 14 6 2 . . . Treads 16 | . 28 24 22 8 . . . . Leg 7 | . . . . 14 24 26 26 22 Wheel 2 | . . 3 4 . . . . . Device 8 | . 14 13 5 14 3 5 16 5 Storage 11 | . 14 14 14 6 6 6 6 6 Processor 9 | . . . 8 12 23 20 13 13 Hackware 1 | . . . . 4 6 6 1 11 Protection 1 | . . . . 5 4 . 4 7 Energy Cannon 5 | . . 11 6 . . . . . Ballistic Gun 8 | . 28 4 7 6 5 14 18 16 Ballistic Cannon 10 | . . 12 14 12 12 3 . . Peak Build Rating 99 | 7 11 15 28 66 68 83 95 99 Average Rating 33 | 5 8 13 21 60 57 79 92 83 On Entrance 40 | . 7 11 15 28 66 63 83 95 Naked Turns . | . . . . . . . . . Heaviest Build 91 | 14 52 53 64 81 83 87 90 91 Greatest Support 88 | 40 40 40 40 56 76 75 88 88 Greatest Overweight (x) 16 | . 1 2 3 2 2 1 1 16 Average Overweight (x) 1 | . . 1 1 1 . . . . Largest Inventory Capacity 20 | 8 20 20 20 20 20 20 20 20 Average Capacity 19 | 7 11 20 20 20 20 20 20 20 Most Carried 20 | 2 12 20 20 19 20 20 20 20 Average Carried 17 | 1 6 17 19 15 18 19 19 18 Final Capacity 20 | 8 20 20 20 20 20 20 20 20 Final Carried 20 | 2 12 20 20 18 20 20 20 11 Class Distribution -------------------- 68% | Mutant 17% | Commander-Gunner 4% | Skirmisher 4% | Scavenger-Gunner Dominant Class ---------------- Mutant | -10/Materials Mutant | -10/Subcaves Mutant | -8/Scraptown Skirmisher | -6/Factory Commander-Gunner | -6/Extension Commander-Gunner | -6/Cetus Commander-Gunner | -6/Archives Scavenger-Gunner | -6/Hub_04(d) Resources | -11 -10 -10 -8 -6 -6 -6 -6 -6 ----------- Run | Yrd Mat Sub Scr Fac Ext Cet Arc Hub Matter Collected 4084 | 228 268 428 251 124 1373 655 601 156 Remotely . | . . . . . . . . . Salvage Created 2525 | 116 432 334 . 35 940 230 176 262 Parts 126 | 7 32 13 . 3 40 8 13 10 Haulers Intercepted . | . . . . . . . . . Recyclers Shooed . | . . . . . . . . . Parts Field Recycled . | . . . . . . . . . Retrieved Matter . | . . . . . . . . . Parts Self-Destructed 17 | . . 17 . . . . . . Prevented . | . . . . . . . . . Kills | -11 -10 -10 -8 -6 -6 -6 -6 -6 ------- Run | Yrd Mat Sub Scr Fac Ext Cet Arc Hub Combat Hostiles Destroyed 45 | . 11 7 . 1 19 3 1 3 Guns 21 | . 8 1 . . 6 2 1 3 Cannons 21 | . . 6 . 1 13 1 . . AOE 3 | . 3 . . . . . . . Classes Destroyed 15 | 2 4 3 . 1 2 . 1 2 Worker 1 | . 1 . . . . . . . Builder 2 | . . . . . 2 . . . Tunneler 2 | 2 . . . . . . . . Recycler 4 | 1 3 . . . . . . . Operator 3 | . . . . . . . 3 . Turret 2 | . . 2 . . . . . . Watcher 6 | . 1 . . . 3 1 . 1 Swarmer 10 | . 9 . . . 1 . . . Grunt 11 | . 2 . . . 8 . . 1 Protector 1 | . . . . . . . . 1 Sentry 10 | . . 1 . . 8 . 1 . Programmer 2 | . . . . 1 1 . . . Behemoth 1 | . . . . . 1 . . . Cetus Guard 3 | . . . . . . 3 . . Lightning 1 | . . . . . . . . 1 Subdweller 6 | . . 6 . . . . . . Best Kill Streak 4 | 2 4 2 . 1 3 3 1 4 Combat Bots Only 3 | . 3 2 . 1 3 3 1 2 Max Kills in Single Turn 4 | 1 4 1 . 1 2 1 1 1 Gunslinging . | . . . . . . . . . Exploded 3 | . 3 . . . . . . . Melee . | . . . . . . . . . Uniques/NPCs Destroyed . | . . . . . . . . . Combat | -11 -10 -10 -8 -6 -6 -6 -6 -6 -------- Run | Yrd Mat Sub Scr Fac Ext Cet Arc Hub Hostile Shots Fired 564 | . 27 71 . 4 246 16 5 195 Missed 157 | . 10 23 . 1 65 1 2 55 Hits 407 | . 17 48 . 3 181 15 3 140 Projectile 407 | . 17 48 . 3 181 15 3 140 Critical Strikes 21 | . . 2 . . 5 1 . 13 Part Disruptions 2 | . . . . . . . . 2 Damage Taken 7037 | . 174 1080 . 45 2074 272 74 3318 Core 1026 | . 14 158 . . 175 67 . 612 Absorbed by Shields 162 | . . . . . 35 127 . . Ignored by Resistances 31 | . . . . . 13 . . 18 Core Remaining (%) 65 | 100 . . 31 . . . . . Volleys Fired 211 | 13 34 38 . 10 59 11 35 11 Largest 3 | 2 2 2 . 3 3 3 3 3 Hottest 240 | 40 46 101 . 110 124 240 150 240 Shots Fired 471 | 26 66 77 . 13 167 32 59 31 Gun 285 | 26 64 22 . 1 60 22 59 31 Cannon 180 | . . 51 . 12 107 10 . . Launcher 6 | . 2 4 . . . . . . Special . | . . . . . . . . . Kinetic 411 | 26 64 49 . 13 162 31 36 30 Thermal 49 | . . 24 . . . 1 23 1 Explosive 6 | . 2 4 . . . . . . Electromagnetic 5 | . . . . . 5 . . . Robot Hit Streak 15 | 9 7 9 . 2 15 12 6 8 Robot Miss Streak 4 | 3 4 4 . 1 3 2 2 3 Penetration Max 1 | . . . . . 1 1 1 1 Secondary Targets 1 | . 1 . . . . . . . Max Gunslinging Chain 1 | . 1 . . . . . . . Shots Hit Robots 288 | 17 36 48 . 2 109 22 36 18 Core Hits 137 | 7 23 17 . 1 45 17 14 13 Critical Kills 5 | . . . . . . 2 . 3 Critical Parts Destroyed 7 | . 1 . . . 1 1 3 1 Critical Strikes 20 | . 1 . . . 8 4 3 4 Destroy 12 | . 1 . . . 1 3 3 4 Blast 8 | . . . . . 7 1 . . Melee Attacks 5 | . . . . . . 2 . 3 Impact . | . . . . . . . . . Slashing 5 | . . . . . . 2 . 3 Piercing . | . . . . . . . . . Sneak Attacks . | . . . . . . . . . Combat Hostiles . | . . . . . . . . . Follow-up Attacks . | . . . . . . . . . Damage Inflicted 6894 | 174 593 916 . 67 2953 622 1084 485 Guns 3622 | 174 414 133 . . 974 358 1084 485 Cannons 2990 | . . 680 . 67 1979 264 . . Explosions 280 | . 177 103 . . . . . . Melee . | . . . . . . . . . Ramming 2 | . 2 . . . . . . . Kinetic 5798 | 174 414 468 . 67 2907 622 661 485 Thermal 768 | . . 345 . . . . 423 . Explosive 280 | . 177 103 . . . . . . Electromagnetic 46 | . . . . . 46 . . . Impact . | . . . . . . . . . Slashing . | . . . . . . . . . Piercing . | . . . . . . . . . Highest Corruption 36 | . 2 2 . 1 5 5 5 36 Average Corruption 2 | . 2 2 . 1 2 5 4 17 Corruption Purged 5 | . . . . . . . 5 . Corruption Blocked . | . . . . . . . . . Effects 90 | . 1 35 . 2 31 13 2 6 Message Errors 13 | . . 6 . . 4 1 . 2 Matter Fused 23 | . 1 8 . 1 9 3 . 1 Heat Flow Errors 11 | . . 6 . 1 2 2 . . Energy Discharges 13 | . . 3 . . 5 3 1 1 Parts Fused 1 | . . 1 . . . . . . Data Loss (minor) 14 | . . 5 . . 5 3 . 1 Data Loss (major) 4 | . . 2 . . 1 . 1 . Misfires 8 | . . 3 . . 4 1 . . Misdirections 1 | . . . . . . . . 1 Weapon Failures 2 | . . 1 . . 1 . . . Overload Shots 2 | . . . . . . 1 . 1 Overflow Damage 40 | . . 2 . . 38 . . . Projectiles 38 | . . . . . 38 . . . Explosions 2 | . . 2 . . . . . . Melee . | . . . . . . . . . Knockbacks 13 | . . 3 . . 10 . . . Impact . | . . . . . . . . . Kinetic 13 | . . 3 . . 10 . . . Secondary . | . . . . . . . . . Self-Inflicted Damage 66 | . 12 54 . . . . . . Shots 3 | . 1 2 . . . . . . Rammed . | . . . . . . . . . Targets Rammed 1 | . 1 . . . . . . . Kicked . | . . . . . . . . . Crushed 1 | . 1 . . . . . . . Highest Temperature 330 | . 9 176 . 96 330 187 261 166 Average Temperature 71 | . 7 69 . 31 88 58 62 36 Received Heat Transfer 1331 | . 39 219 . . 773 . 18 282 Effects 1 | . . . . . 1 . . . Energy Bleed 1 | . . . . . 1 . . . Siege Activations . | . . . . . . . . . Martial Activations . | . . . . . . . . . Shielding Activations . | . . . . . . . . . Robots Disrupted . | . . . . . . . . . Combat Hostiles . | . . . . . . . . . Robots Corrupted . | . . . . . . . . . Combat Hostiles . | . . . . . . . . . Parts Fried 1 | . . . . . 1 . . . Impact Corruptions . | . . . . . . . . . Robots Melted . | . . . . . . . . . Combat Hostiles . | . . . . . . . . . Parts Melted 7 | . . 4 . . . . 3 . Heat Transferred 1184 | . . 629 . . . . 555 . Parts Sabotaged . | . . . . . . . . . Parts Stolen . | . . . . . . . . . Parts Stripped . | . . . . . . . . . Power Chain Reactions . | . . . . . . . . . Alert | -11 -10 -10 -8 -6 -6 -6 -6 -6 ------- Run | Yrd Mat Sub Scr Fac Ext Cet Arc Hub Maximum Alert Level 2 | . 1 . . . 2 2 1 2 Low Security (%) 64 | 100 92 . . 100 66 . 67 26 Level 1 17 | . 7 . . . 13 28 32 56 Level 2 17 | . . . . . 19 71 . 17 Level 3 . | . . . . . . . . . Level 4 . | . . . . . . . . . Level 5 . | . . . . . . . . . High Security . | . . . . . . . . . Max Security . | . . . . . . . . . Peak Influence 612 | 5 223 . . 30 612 490 272 474 Initial 339 | . . . . . . 339 166 9 Average 161 | 1 89 . . 3 145 424 150 288 Influence Increases 3278 | 15 356 90 . 69 1241 358 214 935 Destroy 0b10 Robot/C 1500 | . 220 60 . 20 680 160 80 280 Destroy 0b10 Robot/NC 110 | 15 25 . . . 25 10 15 20 Destroy Leader 162 | . 42 . . 10 86 . . 24 Allied During Kill 888 | . . . . . 326 170 95 297 Successful Hack 70 | . 5 . . 35 10 . . 20 Select Force Hacks 100 | . . . . . . . . 100 Disable Machine 120 | . . . . . 30 15 15 60 Destroy Structure 88 | . 19 . . 4 24 3 9 29 Lose Combat Pursuer 240 | . 45 30 . . 60 . . 105 Influence Decreases 3053 | 15 189 257 . 69 635 549 603 736 Entered New Map 614 | . . 81 . . . 267 249 17 Time Decay 1579 | 15 189 176 . 69 435 262 294 139 Lost Part 300 | . . . . . 120 . . 180 Lost Ally 560 | . . . . . 80 20 60 400 Squads Dispatched 10 | . 1 . . 1 4 . . 4 Investigation 4 | . . . . . 2 . . 2 Extermination 2 | . . . . 1 . . . 1 Reinforcement 4 | . 1 . . . 2 . . 1 Assault . | . . . . . . . . . Garrison . | . . . . . . . . . Intercept . | . . . . . . . . . Searches Triggered . | . . . . . . . . . Construction Impeded 1 | . . . . . 1 . . . Haulers Reinforced . | . . . . . . . . . Active Scanning Responses . | . . . . . . . . . Cargo Convoy Interrupts . | . . . . . . . . . Stealth | -11 -10 -10 -8 -6 -6 -6 -6 -6 --------- Run | Yrd Mat Sub Scr Fac Ext Cet Arc Hub Distress Signals 5 | . 2 . . . . 2 . 1 Communications Jammed . | . . . . . . . . . Distress Signals . | . . . . . . . . . Times Spotted 139 | . 15 14 . 1 39 10 29 31 Peak Tracking Total 17 | . 5 3 . 1 6 5 1 17 Tactical Retreats 10 | . 2 1 . . 4 . . 3 Traps | -11 -10 -10 -8 -6 -6 -6 -6 -6 ------- Run | Yrd Mat Sub Scr Fac Ext Cet Arc Hub Traps Triggered 1 | . 1 . . . . . . . Indirectly . | . . . . . . . . . Trap Hack Attempts . | . . . . . . . . . Triggered . | . . . . . . . . . Disarmed . | . . . . . . . . . Reprogrammed . | . . . . . . . . . Reused . | . . . . . . . . . Traps Extracted . | . . . . . . . . . Installed . | . . . . . . . . . Triggered . | . . . . . . . . . Machines | -11 -10 -10 -8 -6 -6 -6 -6 -6 ---------- Run | Yrd Mat Sub Scr Fac Ext Cet Arc Hub Machines Disabled 12 | . . 2 . . 3 2 1 4 Max in Single Turn 1 | . . 1 . . 1 1 . 1 Garrison Access 1 | . . . . 1 . . . . Network Hub 2 | . . . . . . . . 2 Machines Repaired . | . . . . . . . . . Machines Dismantled . | . . . . . . . . . Machines Sabotaged 2 | . . . . . . . . 2 Overloaded Fab Kills . | . . . . . . . . . Hacking | -11 -10 -10 -8 -6 -6 -6 -6 -6 --------- Run | Yrd Mat Sub Scr Fac Ext Cet Arc Hub Machines Accessed 24 | . 3 1 2 4 8 1 . 5 Terminals 17 | . 3 . . 2 6 1 . 5 Fabricators . | . . . . . . . . . Repair Stations . | . . . . . . . . . Recycling Units 2 | . . . . . 2 . . . Scanalyzers 1 | . . . . 1 . . . . Garrison Access 1 | . . . . 1 . . . . Total Hacks 58 | . 7 5 2 8 14 2 . 20 Successful 27 | . 2 5 2 5 5 . . 8 Failed 31 | . 5 . . 3 9 2 . 12 Catastrophic 4 | . 1 . . . 1 . . 2 Database Lockouts . | . . . . . . . . . Manual 28 | . 3 . . 2 4 1 . 18 Terminals 42 | . 7 . . 3 10 2 . 20 Fabricators . | . . . . . . . . . Repair Stations . | . . . . . . . . . Recycling Units 4 | . . . . . 4 . . . Scanalyzers 2 | . . . . 2 . . . . Garrison Access 3 | . . . . 3 . . . . Terminal Hacks 17 | . 1 5 2 1 3 . . 5 Record 6 | . . 5 1 . . . . . Prototype ID Bank 1 | . 1 . . . . . . . Open Door 4 | . . . . 1 3 . . . Level Access Points 1 | . . . . . . . . 1 Locate Traps 1 | . . . . . . . . 1 Recall Investigation 2 | . . . . . . . . 2 Recall Extermination 1 | . . . . . . . . 1 Proto ID Catalog 1 | . . . 1 . . . . . Fabricator Hacks . | . . . . . . . . . Repair Station Hacks . | . . . . . . . . . Recycling Unit Hacks 1 | . . . . . 1 . . . Retrieve Components 1 | . . . . . 1 . . . Scanalyzer 2 | . . . . 2 . . . . Insert Component 1 | . . . . 1 . . . . Analyze 1 | . . . . 1 . . . . Garrison Access Hacks 1 | . . . . 1 . . . . Seal Access 1 | . . . . 1 . . . . Unauthorized Hacks 6 | . 1 . . 1 1 . . 3 Terminals 5 | . 1 . . 1 . . . 3 Botnet 3 | . 1 . . 1 . . . 1 Sabotage 2 | . . . . . . . . 2 Fabricators . | . . . . . . . . . Repair Stations . | . . . . . . . . . Recycling Units 1 | . . . . . 1 . . . Fedlink 1 | . . . . . 1 . . . Scanalyzers . | . . . . . . . . . Garrison Access . | . . . . . . . . . Data Cores Recovered . | . . . . . . . . . Used . | . . . . . . . . . Hacking Detections 18 | . 3 . . 3 6 2 . 4 Full Trace Events 1 | . . . . . 1 . . . Feedback Events . | . . . . . . . . . Feedback Blocked . | . . . . . . . . . Robot Schematics Acquired . | . . . . . . . . . Robots Built . | . . . . . . . . . Authchips . | . . . . . . . . . Time . | . . . . . . . . . Total Robot Build Rating . | . . . . . . . . . Part Schematics Acquired 1 | . . . . 1 . . . . Parts Built . | . . . . . . . . . Authchips . | . . . . . . . . . Time . | . . . . . . . . . Total Part Build Rating . | . . . . . . . . . Parts Repaired . | . . . . . . . . . Time . | . . . . . . . . . Parts Recycled . | . . . . . . . . . Recycled Matter . | . . . . . . . . . Retrieved Matter . | . . . . . . . . . Retrieved Components 3 | . . . . . 3 . . . Parts Scanalyzed 1 | . . . . 1 . . . . Part Schematics Acquired 1 | . . . . 1 . . . . Parts Damaged . | . . . . . . . . . Bothacking | -11 -10 -10 -8 -6 -6 -6 -6 -6 ------------ Run | Yrd Mat Sub Scr Fac Ext Cet Arc Hub Used RIF Installer . | . . . . . . . . . Robots Hacked . | . . . . . . . . . Non-combat . | . . . . . . . . . Combat . | . . . . . . . . . Robot Hacks Applied . | . . . . . . . . . Relay Couplers Released . | . . . . . . . . . Fabnet Peak Effective % . | . . . . . . . . . Robots Rewired 18 | . . . . . 18 . . . Allies Hacked . | . . . . . . . . . Hacks Repelled . | . . . . . . . . . Allies | -11 -10 -10 -8 -6 -6 -6 -6 -6 -------- Run | Yrd Mat Sub Scr Fac Ext Cet Arc Hub Total Allies 31 | . . . . . 21 5 5 . Largest Group 20 | . . . . . 15 20 20 20 Highest-Rated Group 1060 | . . . . . 585 1060 1021 934 Highest-Rated Ally 159 | . . . . . 159 159 159 96 Total Orders . | . . . . . . . . . Ally Attacks 252 | . . . . . 119 29 23 81 Total Damage 6277 | . . . . . 2303 701 537 2736 Kills 40 | . . . . . 17 6 3 14 Allies Corrupted 4 | . . . . . . . . 4 Allies Melted . | . . . . . . . . . Intel | -11 -10 -10 -8 -6 -6 -6 -6 -6 ------- Run | Yrd Mat Sub Scr Fac Ext Cet Arc Hub Active Infowar (turns) 6511 | 8 640 3168 1874 505 316 . . . IFF 505 | . . . . 189 316 . . . Terrain 5346 | . . 2745 1874 505 222 . . . Seismic 1071 | 8 640 423 . . . . . . Robot Analysis Total . | . . . . . . . . . Derelict Logs Recovered 7 | . . 2 5 . . . . . Drone Launches . | . . . . . . . . . Drone Recoveries . | . . . . . . . . . Exploration | -11 -10 -10 -8 -6 -6 -6 -6 -6 ------------- Run | Yrd Mat Sub Scr Fac Ext Cet Arc Hub Turns Passed 12643 | 120 640 3199 4621 510 2046 567 658 282 Spaces Moved 5236 | 47 295 1488 1722 202 875 250 219 138 Core 4 | 3 . . . . . . . 1 Treads 3052 | 44 295 1002 1665 46 . . . . Legs 1637 | . . . . 156 875 250 219 137 Wheels 543 | . . 486 57 . . . . . Hover . | . . . . . . . . . Flight . | . . . . . . . . . Fastest Speed 50 | 50 160 130 130 193 120 120 120 120 Average Speed 215 | 152 168 204 265 221 183 182 176 155 Slowest Speed 850 | 160 240 320 410 325 260 190 190 850 Overloaded Moves . | . . . . . . . . . Propulsion Burnouts . | . . . . . . . . . Robots Hopped . | . . . . . . . . . Potential Cave-ins 1 | . . . . . . . . 1 Cave-ins Triggered . | . . . . . . . . . Exploration Rate (%) 55 | 4 55 76 90 8 86 75 86 22 Regions Visited 8 Branch Regions 6 Pre-discovered Areas 4 | . . 2 2 . . . . . Known Exits Taken . | . . . . . . . . . Unknown Exits Taken 8 | 1 1 1 1 1 1 1 1 . Scrap Searched 6 | . . . 6 . . . . . Spaces Dug 8 | . . . . 4 . . . 4 Terrain Destroyed 91 | . 20 25 . 4 19 1 11 11 Melee 3 | . . . . . . . . 3 Projectile 42 | . . . . 4 19 1 11 7 AOE 45 | . 20 25 . . . . . . Terrain Rammed . | . . . . . . . . . Walls Destroyed . | . . . . . . . . . Machines Disabled . | . . . . . . . . . Actions | -11 -10 -10 -8 -6 -6 -6 -6 -6 --------- Run | Yrd Mat Sub Scr Fac Ext Cet Arc Hub Total 6202 | 68 380 1571 1789 250 1184 340 441 179 Wait 358 | . 29 17 18 20 56 48 168 2 Move 5228 | 46 294 1487 1721 201 874 249 218 138 Hop . | . . . . . . . . . Pick Up 69 | 2 11 14 15 2 12 7 3 3 Fast Attach 49 | 7 . 3 4 5 18 4 5 3 Attach 38 | . . 6 . 6 12 1 2 11 Detach 8 | . . . 1 1 3 1 2 . Swap 33 | . 6 3 5 3 9 4 2 1 Drop 79 | . 5 3 25 2 18 13 6 7 Fire 211 | 13 34 38 . 10 59 11 35 11 Melee 5 | . . . . . . 2 . 3 Ram . | . . . . . . . . . Kick . | . . . . . . . . . Crush 1 | . 1 . . . . . . . Escape Stasis 5 | . . . . . 5 . . . Rewire 118 | . . . . . 118 . . . Trap . | . . . . . . . . . Miscellaneous . | . . . . . . . . . Route ------- -11/Scrapyard -10/Materials (discovered 4 exits: [*Mat x2] / [*Min] / *Sub) -10/Subcaves (discovered 2 exits: [*Rec] / *Scr) -8/Scraptown (discovered 2 exits: *Fac x2) -6/Factory (discovered 2 exits: Low / *Ext) -6/Extension (discovered 2 exits: *Fac / *Cet) -6/Cetus (discovered 2 exits: *Fac / [*Arc]) -6/Archives (discovered 3 exits: *Fac / *Hub x2) -6/Hub_04(d) (discovered 4 exits: *Fac x4) History --------- Turn | Location | Event 2 | -11/Scrapyard | Met Revision 17 24 | -11/Scrapyard | Discovered new exit (range 15) 121 | -11/Scrapyard | Entered Materials 223 | -10/Materials | Discovered new exit (range 8) 310 | -10/Materials | Build established: Mutant 482 | -10/Materials | Discovered new exit (range 16) 628 | -10/Materials | Discovered new exit (range 13) 747 | -10/Materials | Discovered new exit (range 5) 761 | -10/Materials | Entered Subcaves 762 | -10/Subcaves | Approached by a straggling Scientist 1159 | -10/Subcaves | Ambushed by Subdwellers from Twisted Machinery 1287 | -10/Subcaves | Learned location of Zion (-7) 1287 | -10/Subcaves | Met a Zionite searching for "candidates" 1294 | -10/Subcaves | Shifting Twisted Machinery released Sub. Monowheel 1318 | -10/Subcaves | Ambushed by Subdwellers from Twisted Machinery 1508 | -10/Subcaves | Discovered new exit (range 13) 1508 | -10/Subcaves | Ambushed by Subdweller buried in earth 1666 | -10/Subcaves | Scientist uncovered a shortcut to Scraptown 2203 | -10/Subcaves | Core integrity fell below 50% 2405 | -10/Subcaves | A swath of the cavern ceiling suddenly collapsed 2459 | -10/Subcaves | A swath of the cavern ceiling suddenly collapsed 3416 | -10/Subcaves | Visited Clippyterm 3423 | -10/Subcaves | Learned Factory emergency access door positions 3423 | -10/Subcaves | Learned Factory garrison access intel 3681 | -10/Subcaves | Shifting Twisted Machinery released Shrapnel Trap 3683 | -10/Subcaves | Shifting Twisted Machinery released Sub. Power Source 3960 | -10/Subcaves | Entered Scraptown 3960 | -8/Scraptown | System corruption cleaned by C-Scrubber 4009 | -8/Scraptown | Heard Great Nut preacher, LISTEN AND RECITE! 4223 | -8/Scraptown | Visited CPS Storage 4297 | -8/Scraptown | Visited Bundlers 4502 | -8/Scraptown | Visited Spacefarers 4668 | -8/Scraptown | Visited The Evicted 4817 | -8/Scraptown | Visited Fellowship of the Rings 4951 | -8/Scraptown | Visited Awakened 5002 | -8/Scraptown | Visited Assassins FH 5111 | -8/Scraptown | Scanned Subdweller tech in exchange for log data 5117 | -8/Scraptown | Learned Factory stockpile data 5121 | -8/Scraptown | Learned location of Testing (-2) 5124 | -8/Scraptown | Learned Research stockpile data 5127 | -8/Scraptown | Learned Factory terminal intel 5130 | -8/Scraptown | Learned 12 Factory zone layouts 5236 | -8/Scraptown | Discovered new exit (range 13) 6326 | -8/Scraptown | Visited UFD Registry 6326 | -8/Scraptown | Registered with UFD as "Flakmech" 6775 | -8/Scraptown | Visited LU-1G1's Boring Crew 7222 | -8/Scraptown | Visited Scrap Suit Storage 7308 | -8/Scraptown | Visited Infowarlord's Domain 7327 | -8/Scraptown | Found Exp. Terrain Scanner 7383 | -8/Scraptown | Visited Curators Association 7466 | -8/Scraptown | Visited Observation Area 7566 | -8/Scraptown | Visited Supply Room 7619 | -8/Scraptown | Visited Scrapoid Pod Storage 7632 | -8/Scraptown | Found Scrapoid Pod 7724 | -8/Scraptown | Visited Science Testing Area 8135 | -8/Scraptown | Visited Science Guys 8253 | -8/Scraptown | Visited Research Penetration Think Tank 8434 | -8/Scraptown | Met Optimus 8434 | -8/Scraptown | Accepted into 0bPrime 8576 | -8/Scraptown | Discovered new exit (range 3) 8581 | -8/Scraptown | Entered Factory 8581 | -6/Factory | Evolved 8 slots: Propulsion x2, Utility x5, Weapon x1 8582 | -6/Factory | Identified exit to Lower Caves 8585 | -6/Factory | Loaded intel: 28 terminal locations 8586 | -6/Factory | Loaded intel: 4 garrison access locations 9018 | -6/Factory | Build established: Skirmisher 9077 | -6/Factory | Discovered new exit (range 9) 9091 | -6/Factory | Entered Extension 9438 | -6/Extension | Lost 5 parts (1n3u1w) 9702 | -6/Extension | Spotted B-75 Beast 10167 | -6/Extension | Build established: Commander-Gunner 10325 | -6/Extension | Destroyed B-75 Beast 10339 | -6/Extension | Spotted B-75 Beast 10364 | -6/Extension | Allies destroyed B-75 Beast 10389 | -6/Extension | Lost 8 parts (1p3n4w) 10396 | -6/Extension | Lost 3 allies 10654 | -6/Extension | Rescued A7 10674 | -6/Extension | Rescued a captive Derelict 10692 | -6/Extension | Build established: Scavenger-Gunner 11049 | -6/Extension | Build established: Commander-Gunner 11055 | -6/Extension | Loaded intel: 2 recycling unit locations 11070 | -6/Extension | Rescued a captive Derelict 11096 | -6/Extension | Discovered new exit (range 10) 11097 | -6/Extension | Discovered new exit (range 6) 11137 | -6/Extension | Entered Cetus 11137 | -6/Cetus | Accompanied by 15 allies (A7) 11142 | -6/Cetus | Acquired a Cetus Manufacturing Module code from A7 11154 | -6/Cetus | Spotted Cetus Guard 11154 | -6/Cetus | Spotted Cetus Guard 11156 | -6/Cetus | Spotted Cetus Guard 11157 | -6/Cetus | Spotted Cetus Guard 11158 | -6/Cetus | Destroyed Cetus Guard 11159 | -6/Cetus | Allies destroyed Cetus Guard 11164 | -6/Cetus | Destroyed Cetus Guard 11167 | -6/Cetus | Destroyed Cetus Guard 11306 | -6/Cetus | Started Cetus Manufacturing Module 11331 | -6/Cetus | Manufactured an Enhanced Grunt 11356 | -6/Cetus | Manufactured an Enhanced Grunt 11381 | -6/Cetus | Manufactured an Enhanced Grunt 11406 | -6/Cetus | Manufactured an Enhanced Grunt 11431 | -6/Cetus | Manufactured an Enhanced Grunt 11449 | -6/Cetus | Escorted A7 to Cetus Mainframe 11471 | -6/Cetus | Discovered new exit (range 16) 11507 | -6/Cetus | Spotted Cetus Guard 11508 | -6/Cetus | Spotted Cetus Guard 11513 | -6/Cetus | Spotted Cetus Guard 11514 | -6/Cetus | Allies destroyed Cetus Guard 11515 | -6/Cetus | Spotted Cetus Guard 11516 | -6/Cetus | Allies destroyed Cetus Guard 11517 | -6/Cetus | Allies destroyed Cetus Guard 11522 | -6/Cetus | Allies destroyed Cetus Guard 11540 | -6/Cetus | Discovered new exit (range 15) 11550 | -6/Cetus | Met Revision 17 11704 | -6/Cetus | Entered Archives 11704 | -6/Archives | Accompanied by 19 allies (A7) 11709 | -6/Archives | Received a hacking code to weaken MAIN.C 11783 | -6/Archives | Found Prototype Device 11783 | -6/Archives | Identified Exp. Thermal Shield 11846 | -6/Archives | Discovered new exit (range 15) 11886 | -6/Archives | Scrapoid Pod released 06A05-D (x5) 11887 | -6/Archives | Discovered new exit (range 16) 11912 | -6/Archives | Discovered new exit (range 16) 12362 | -6/Archives | Entered Hub_04(d) 12362 | -6/Hub_04(d) | Accompanied by 20 allies 12400 | -6/Hub_04(d) | Network Hub disabled 12456 | -6/Hub_04(d) | Network Hub disabled 12477 | -6/Hub_04(d) | Spotted Lightning 12477 | -6/Hub_04(d) | Spotted Lightning 12521 | -6/Hub_04(d) | Spotted Lightning 12523 | -6/Hub_04(d) | Spotted Lightning 12528 | -6/Hub_04(d) | Spotted Lightning 12530 | -6/Hub_04(d) | Destroyed Lightning 12531 | -6/Hub_04(d) | Spotted Lightning 12537 | -6/Hub_04(d) | System corruption reached 10% 12543 | -6/Hub_04(d) | Lost 19 allies 12593 | -6/Hub_04(d) | Identified exit to Factory 12603 | -6/Hub_04(d) | Lost 5 parts (2n1u2w) 12619 | -6/Hub_04(d) | Core integrity fell below 50% 12632 | -6/Hub_04(d) | System corruption reached 30% 12639 | -6/Hub_04(d) | Core integrity fell below 20% 12644 | -6/Hub_04(d) | Destroyed by Y-54 Guardian with Flak Gun Last Messages --------------- 12621_ Quantum Reactor destroyed. 12622_ Penetrated by EMDS Slug. 12624_ EMDS Slug penetrates Control Node. 12625_ Coil Gun destroyed. 12626_ Penetrated by EMDS Slug. 12626_ Carbon-fiber Leg destroyed. 12629_ EMDS Slug penetrates Wall. 12631_ System corrupted: Component data lost. 12631_ Penetrated by EMDS Slug. 12631_ Carbon-fiber Leg destroyed. 12633_ EMDS Slug penetrates Wall. 12634_ Centrium Medium Armor Plating destroyed. 12635_ EMDS Slug penetrates Wall. 12635_ Penetrated by EMDS Slug. 12635_ EMDS Slug penetrates Wall. 12637_ Phasing Sabre destroyed. 12638_ EMDS Slug penetrates Wall. 12643_ O-24 Administrator: "IFF HANDSHAKE FAILED. SECURING TERMINAL." 12643_ EMDS Slug penetrates Wall. Map ----- +----------------------------------------------------+ | " #????????????????????????????????????????? | | "" ###????????????????????????????????????????? | | #??????????????????????????????????????????? | | #??????????????????????????????????????????? | | "######??????????????????????????????????????????? | | # #??????????????????????????????????????????? | | #= "" #??????????????????????????????????????????? | | " "" #??????????????????????????????????????????? | | #! T" #??????????????????????????????????????????? | | #=%"" #??????????????????????????????????????????? | | #*=" #[%!=!%* ????????????????????????????????? | | /=%%[ %%==!%/! ????????????